 Dungeon Crawl Stone Soup version 0.30-a0-924-g0ad0bf95bc (webtiles) character file.

Game seed: 5224047641052174870

11771 pokeman the Eclecticist (level 11, -13/62 HPs)
             Began as a Deep Elf Hedge Wizard on Mar 22, 2023.
             Was a Follower of Vehumet.
             Hit by a large rock thrown by a cyclops (42 damage)
             ... on level 11 of the Dungeon.
             The game lasted 00:33:31 (13131 turns).

pokeman the Eclecticist (Deep Elf Hedge Wizard)    Turns: 13131, Time: 00:33:31

Health: -13/62     AC: 15    Str:  7    XL:     11   Next: 53%
Magic:  21/32      EV: 11    Int: 30    God:    Vehumet [*.....]
Gold:   660        SH:  0    Dex: 14    Spells: 23/41 levels left

rFire   . . .      SeeInvis .    s - +7 staff of the Meek {protect, meekguard}
rCold   . . .      Faith    .    (shield currently unavailable)
rNeg    . . .      Spirit   .    R - +0 acid dragon scales
rPois   .          Reflect  .    l - +2 helmet
rElec   .          Rampage  .    (no cloak)
rCorr   +                        G - +0 pair of gloves
Will    +....                    t - +2 pair of boots
Stlth   ++                       k - amulet of the acrobat
HPRegen 0.30/turn                h - +6 ring of intelligence
MPRegen 0.23/turn                (no ring)

@: no status effects
A: no striking features
a: Renounce Religion


You were on level 11 of the Dungeon.
You worshipped Vehumet.
Vehumet was aware of your devotion.
You visited 2 branches of the dungeon, and saw 12 of its levels.
You also visited: Bailey.

You collected 660 gold pieces.

Inventory:

Hand Weapons
 c - a +1 dagger of electrocution
 s - the +7 staff of the Meek (weapon) {protect, meekguard}
   (You found it on level 4 of the Dungeon)
 P - the +5 great mace "Astoen" {freeze, rF+ rC+}
   (You found it on level 9 of the Dungeon)

   rF:        It protects you from fire.
   rC:        It protects you from cold.
Missiles
 K - a curare-tipped dart
Armour
 l - a +2 helmet (worn)
 t - a +2 pair of boots (worn)
 w - the +2 ring mail "Usuvinoega" {rElec Will- rCorr}
   (You found it on level 5 of the Dungeon)

   rElec:     It insulates you from electricity.
   rCorr:     It protects you from acid and corrosion.
   Will:      It decreases your willpower.
 F - a +2 leather armour of willpower
 G - a +0 pair of gloves (worn)
 Q - a +0 troll leather armour
 R - +0 acid dragon scales (worn)
 S - a +1 ring mail of poison resistance
Jewellery
 h - a +6 ring of intelligence (left hand)
 k - an amulet of the acrobat (around neck)
Wands
 b - a wand of mindburst (1)
 q - a wand of flame (33)
Scrolls
 a - 3 scrolls of fear {unknown}
 e - 5 scrolls of summoning {unknown}
 f - 5 scrolls of immolation {unknown}
 m - 11 scrolls of identify {unknown}
 n - 2 scrolls of vulnerability {unknown}
 r - 4 scrolls of enchant armour {unknown}
 u - 2 scrolls of teleportation {unknown}
 y - 2 scrolls of poison {unknown}
 D - 3 scrolls of acquirement {unknown}
 E - 2 scrolls of brand weapon {unknown}
 H - 2 scrolls of blinking {unknown}
 I - a scroll of fog {unknown}
 L - a scroll of noise {unknown}
 O - 2 scrolls of amnesia {unknown}
Potions
 d - 2 potions of magic
 g - 4 potions of curing {unknown}
 i - 4 potions of might
 j - a potion of berserk rage {unknown}
 o - 2 potions of attraction {unknown}
 p - 2 potions of cancellation {unknown}
 v - 2 potions of degeneration {unknown}
 x - 2 potions of resistance {unknown}
 z - 2 potions of heal wounds {unknown}
 A - 4 potions of brilliance {unknown}
 B - 2 potions of haste {unknown}
 C - a potion of flight {unknown}
 J - a potion of mutation {unknown}
 M - a potion of invisibility {unknown}
Miscellaneous
 N - a phantom mirror


   Skills:
 + Level 4.4 Fighting
 - Level 5.0 Armour
 - Level 3.2 Dodging
 - Level 3.0 Stealth
 * Level 15.5 Spellcasting
 + Level 9.2 Conjurations
 + Level 8.5 Summonings
 - Level 1.1 Translocations
 - Level 1.0 Air Magic
 - Level 1.0 Poison Magic
 - Level 1.0 Evocations


You had 23 spell levels left.
You knew the following spells:

 Your Spells              Type           Power      Damage    Failure   Level
a - Magic Dart            Conj           100%       1d8       1%          1
b - Mephitic Cloud        Conj/Pois/Air  45%        N/A       2%          3
c - Call Imp              Summ           65%        N/A       1%          2
d - Blink                 Tloc           58%        N/A       3%          2
e - Orb of Destruction    Conj           34%        9d10      54%         7
f - Call Canine Familiar  Summ           65%        N/A       1%          3

Your spell library contained the following spells:

 Spells                   Type           Power      Damage    Failure   Level
 Shock                    Conj/Air       100%       1d9       1%          1
 Summon Small Mammal      Summ           100%       N/A       1%          1
 Summon Guardian Golem    Hex/Summ       48%        N/A       1%          3
 Apportation              Tloc           58%        N/A       2%          1
 Beastly Appendage        Tmut           46%        N/A       3%          1
 Necrotise                Necr           92%        1d8       3%          1
 Slow                     Hex            92%        N/A       3%          1
 Cigotuvi's Dreadful Rot  Necr/Pois/Air  54%        N/A       4%          2
 Wereblood                Tmut           23%        N/A       5%          2
 Spider Form              Tmut/Pois      26%        N/A       9%          3
 Spellforged Servitor     Conj/Summ      33%        N/A       58%         7


Dungeon Overview and Level Annotations

Branches:
Dungeon (11/15)            Temple (1/1) D:7            Lair (0/5) D:11
 Bailey (visited)
    Orc: D:9-12

Altars:
Ashenzari
Cheibriados
Dithmenos
Elyvilon
Fedhas
Gozag
Hepliaklqana
Kikubaaqudgha
Makhleb
Nemelex Xobeh
Okawaru
Qazlal
Ru
Sif Muna
Trog
Uskayaw
Vehumet
Wu Jian
Xom
Yredelemnul
Zin
The Shining One

Shops:
D:2 [   D:8 (


Message History

The howler monkey appears confused.
The howler monkey closely misses you.
The centaur hits your warg but does no damage.
The centaur barely misses your warg.
Your warg bites the centaur!
Unknown command.
Unknown command.
You hit the howler monkey.
The howler monkey is severely wounded.
The centaur barely misses the howler monkey. x2
The howler monkey is engulfed in noxious fumes.
The howler monkey appears confused.
The howler monkey hits you but does no damage.
Your warg bites the centaur!
The centaur dies!
Vehumet accepts your kill.
The howler monkey is engulfed in noxious fumes.
The howler monkey appears confused.
The howler monkey barely misses the howler monkey.
Your warg barely misses the howler monkey.
The howler monkey hits the howler monkey.
Your warg bites the howler monkey.
The howler monkey dies!
Vehumet accepts your kill.
There is a stone staircase leading up here.
Casting: Mephitic Cloud (dangerous; 2% risk of failure)
Confirm with . or Enter, or press ? or * to list all spells.
Aiming: Mephitic Cloud (dangerous; 2% risk of failure)
Press: ? - help, Shift-Dir - straight line The ball explodes into a vile cloud!
The stinking cloud engulfs the howler monkey but does no damage.
The howler monkey is almost dead.
Your warg barely misses the howler monkey.
Something hits the cyclops but does no damage.
The howler monkey is engulfed in noxious fumes.
The howler monkey appears confused.
Unknown command.
The howler monkey is engulfed in noxious fumes.
The howler monkey appears confused.
The cyclops throws a large rock.
The large rock hits you!!!
Ouch! That really hurt!
You die...

#........[........
####'###+####.##+##
#......#...##.##..#
#......+....#......
#......#....#......
#......#....'......
#......######......
#...........#.....#
#.@..h§☼....###'###
#....°○h...........
#....○†°...........
#######C...........
#............
#)...........
#............
#.....#######
#.....#


You could see a cyclops, a howler monkey (confused, ally target) and a friendly
warg (summoned).

Vanquished Creatures
  2 vault guards (Bailey)
  An orange demon (D:9)
  2 trolls (D:9)
  Prince Ribbit (Bailey)
  A wraith (D:10)
  7 yaks
  2 wyverns
  7 humans (Bailey)
  A steam dragon (D:8)
  3 acid dragons
  A water moccasin (D:6)
  Duvessa (D:5)
  2 ice beasts
  A black bear (D:5)
  3 orc warriors
  An ogre (D:5)
  A sky beast (D:8)
  A phantom (D:5)
  13 bullfrogs
  2 kobold brigands
  2 gnoll sergeants
  5 scorpions
  17 wights
  Dowan (D:5)
  2 howler monkeys
  2 quasits
  3 jellies
  4 hounds
  5 orc priests
  4 iguanas
  A sleepcap (D:4)
  4 orc wizards
  Robin (D:1)
  10 gnolls
  10 adders
  2 ufetubi (D:5)
  2 worms
  3 dart slugs
  29 orcs
  13 ball pythons
  4 endoplasms
  2 giant cockroaches
  9 hobgoblins
  7 jackals
  4 quokkas
  5 bats
  3 frilled lizards
  21 goblins
  13 kobolds
  4 rats
245 creatures vanquished.

Vanquished Creatures (collateral kills)
  A smoke demon (D:9)
  A kobold demonologist (D:10)
  A troll (D:10)
  A shadow (D:11)
  A ynoxinul (D:9)
  A wraith (D:11)
  A human (Bailey)
  A yak (D:10)
  A chaos spawn (D:9)
  A sky beast (D:6)
  2 ice beasts
  An orc warrior (D:11)
  A centaur (D:11)
  A bullfrog (Bailey)
  3 wights
  A howler monkey (D:11)
  A jelly (D:6)
  2 orc priests
  A white imp (D:7)
  4 orcs
27 creatures vanquished.

Vanquished Creatures (others)
  5 demonic plants (D:9)
5 creatures vanquished.

Grand Total: 277 creatures vanquished

Notes
Turn   | Place    | Note
-------+----------+-------------------------------------------
     0 | D:1      | pokeman the Deep Elf Hedge Wizard began the quest for the
                  | Orb.
     0 | D:1      | Reached XP level 1. HP: 10/10 MP: 7/7
   348 | D:1      | Reached XP level 2. HP: 16/16 MP: 0/9
   797 | D:1      | Found a faded altar of an unknown god.
   897 | D:1      | Reached skill level 5 in Spellcasting
  1203 | D:2      | Found Obbewyuwn's Armour Shop.
  1208 | D:2      | Reached XP level 3. HP: 20/20 MP: 6/11
  1212 | D:2      | Learned a level 3 spell: Mephitic Cloud
  1215 | D:2      | Learned a level 2 spell: Call Imp
  1218 | D:2      | Learned a level 2 spell: Blink
  1254 | D:2      | Noticed Robin
  1362 | D:2      | Reached skill level 1 in Armour
  1404 | D:1      | Killed Robin
  1405 | D:1      | Reached skill level 1 in Fighting
  1559 | D:2      | Reached XP level 4. HP: 25/25 MP: 6/13
  2978 | D:3      | Noticed a scorpion
  2994 | D:3      | Killed a scorpion
  2995 | D:3      | Reached skill level 6 in Spellcasting
  2995 | D:3      | Reached XP level 5. HP: 29/29 MP: 9/15
  3036 | D:3      | Found an iron altar of Okawaru.
  3088 | D:3      | Found a basalt altar of Yredelemnul.
  4131 | D:4      | Found the +7 staff of the Meek {protect, meekguard}
  4230 | D:4      | Reached XP level 6. HP: 34/34 MP: 13/17
  4276 | D:4      | Reached skill level 1 in Air Magic
  4276 | D:4      | Reached skill level 1 in Poison Magic
  4489 | D:4      | Found a burning altar of Makhleb.
  4706 | D:4      | Found a hazy altar of Hepliaklqana.
  5064 | D:5      | Entered Level 5 of the Dungeon
  5079 | D:5      | Reached skill level 7 in Spellcasting
  5139 | D:5      | Reached skill level 1 in Evocations
  5275 | D:5      | Identified the +2 ring mail "Usuvinoega" {rElec Will-
                  | rCorr}
  5309 | D:5      | Noticed Dowan
  5311 | D:5      | Reached XP level 7. HP: 40/40 MP: 8/19
  5332 | D:5      | Killed Dowan
  5777 | D:5      | Noticed Duvessa
  5795 | D:5      | Reached skill level 8 in Spellcasting
  5804 | D:5      | Killed Duvessa
  6067 | D:5      | Reached XP level 8. HP: 42/44 MP: 18/22
  6070 | D:5      | Reached skill level 9 in Spellcasting
  6264 | D:6      | Reached skill level 5 in Conjurations
  6539 | D:6      | Reached skill level 10 in Spellcasting
  6873 | D:6      | Reached XP level 9. HP: 42/49 MP: 20/25
  6881 | D:6      | Learned a level 7 spell: Orb of Destruction
  7265 | D:7      | Found a staircase to the Ecumenical Temple.
  7283 | Temple   | Entered the Ecumenical Temple
  7479 | D:7      | Reached skill level 11 in Spellcasting
  7488 | D:7      | Reached skill level 5 in Summonings
  8237 | D:7      | Found a sacrificial altar of Ru.
  8511 | D:8      | Found Totul's Weapon Boutique.
  8580 | D:8      | Reached skill level 12 in Spellcasting
  8621 | D:8      | Found a flagged portal.
  8633 | Bailey   | Entered a bailey
  8832 | Bailey   | Reached XP level 10. HP: 32/56 MP: 16/28
  9129 | Bailey   | Reached skill level 13 in Spellcasting
  9330 | Bailey   | Noticed Prince Ribbit
  9331 | Bailey   | Noticed a vault guard
  9358 | Bailey   | Killed Prince Ribbit
  9402 | Bailey   | Killed a vault guard
  9505 | Bailey   | Noticed a vault guard
  9529 | Bailey   | Killed a vault guard
  9736 | D:8      | Reached skill level 14 in Spellcasting
 10356 | D:9      | Noticed a smoke demon
 10377 | D:9      | Found a sparkling altar of Nemelex Xobeh.
 10657 | D:9      | Reached XP level 11. HP: 51/59 MP: 24/31
 10765 | D:9      | Found a white marble altar of Elyvilon.
 10792 | D:9      | Found a bloodstained altar of Trog.
 10861 | D:9      | Found an opulent altar of Gozag.
 11066 | D:9      | Learned a level 3 spell: Call Canine Familiar
 11373 | D:9      | Identified the +5 great mace "Astoen" {freeze, rF+ rC+}
 11931 | D:10     | Entered Level 10 of the Dungeon
 12018 | D:10     | Reached skill level 15 in Spellcasting
 12219 | D:10     | Found a radiant altar of Vehumet.
 12227 | D:10     | Became a worshipper of Vehumet
 12399 | D:10     | Reached skill level 5 in Armour
 12472 | D:10     | Found a glowing silver altar of Zin.
 12526 | D:10     | Found a broken altar of Ashenzari.
 12837 | D:11     | Reached * piety under Vehumet
 12837 | D:11     | Offered knowledge of Shock by Vehumet.
 13110 | D:11     | Found a staircase to the Lair.
 13131 | D:11     | Hit by a large rock thrown by a cyclops

Illustrated notes

Levels and vault maps discovered:
D:1:      psy_arrival_dodecagon, layout_basic, basic_ecumenical_altar
D:2:      minmay_evil_eye, layout_basic, serial_shops,
          nicolae_shop_competitors_out_of_business, patterned_corridor,
          uniq_robin
D:3:      layout_basic, jmf_multi_god_temple
D:4:      layout_basic, bloody_makhleb, nzn_hepliaklqana_mist_gate
D:5:      layout_loops_ring, grunt_ministairs_1, st_stairs_1, glass_columns_b,
          minmay_fractal_squares_gapless_5, uniq_duvessa
D:6:      layout_basic
D:7:      layout_rooms, nicolae_ru_great_annihilating_truth,
          minmay_temple_entry_gardened_gates
D:8:      layout_layer_cave, serial_shops, kennysheep_mini_moat, enter_bailey_5,
          kennysheep_doodads
D:9:      layout_basic, nicolae_overflow_crystal_walls,
          mainiacjoe_overflow_large_starburst, lemuel_tele_altar,
          serial_demonic, serial_demonic_b, serial_demonic_g, serial_demonic_g,
          serial_demonic_b, eino_curves_01, skrybe_limestone_x
D:10:     layout_grid_maze, zin_statuary, mainiacjoe_overflow_cross_hatched,
          cheibrodos_ashenzari_chains
D:11:     layout_gridville, lair_entry_dummy, orc_0_dummy, special_room
          [special_room_orc]
Temple:   zaba_magenta_temple

Skill      XL: |  1  2  3  4  5  6  7  8  9 10 11 |
---------------+----------------------------------+-----
Spellcasting   | 5 6 7 8 10 12 14 15 | 15.5
Armour         | 1 2 3 4 5 |  5.0
Fighting       | 1 2 4 |  4.4
Conjurations   | 2 3 4 5 7 8 9 |  9.2
Dodging        | 3 |  3.2
Air Magic      | 1 |  1.0
Poison Magic   | 1 |  1.0
Stealth        | 3 |  3.0
Evocations     | 1 |  1.0
Summonings     | 3 4 6 7 8 |  8.5
Translocations | |  1.1

Action                     |  1- 3 |  4- 6 |  7- 9 | 10-12 || total
---------------------------+-------+-------+-------+-------++-------
  Melee: Dagger            |    26 |    15 |       |       ||    41
         Quarterstaff      |       |    21 |   156 |   172 ||   349
   Cast: Magic Dart        |    82 |   148 |   198 |   212 ||   640
         Mephitic Cloud    |     4 |     9 |    21 |    33 ||    67
         Call Imp          |     1 |     1 |    19 |     8 ||    29
         Blink             |       |       |     1 |     2 ||     3
         Call Canine Famil |       |       |       |    11 ||    11
  Evoke: Wand              |       |       |       |     9 ||     9
   Stab: Confused          |     2 |     3 |    10 |    27 ||    42
         Sleeping          |       |     1 |       |       ||     1
         Distracted        |       |       |     1 |     1 ||     2
 Armour: Robe              |     8 |    10 |    39 |       ||    57
         Leather armour    |       |       |    47 |    69 ||   116
         Acid dragon scale |       |       |       |    22 ||    22
  Dodge: Dodged            |    20 |    45 |   156 |   195 ||   416

Table legend: (Time is in decaauts)
 A = Elapsed time spent in this place.
 B = Non-inter-level travel time spent in this place.
 C = Inter-level travel time spent in this place.
 D = Time resting spent in this place.
 E = Time spent auto-exploring this place.
 F = Levels seen in this place.
 G = Mean time per level.
                   A        B        C        D        E       F      G
               +--------+--------+--------+--------+--------+-----+--------+
         Total |  13253 |  12848 |    405 |    286 |  10039 |  13 | 1019.5 |
       Dungeon |  12100 |  11713 |    387 |    286 |   9229 |  11 | 1100.0 |
        Temple |     91 |     73 |     18 |      0 |     68 |   1 |   91.0 |
        Bailey |   1061 |   1061 |      0 |      0 |    742 |   1 | 1061.0 |
               +--------+--------+--------+--------+--------+-----+--------+

Top non-repeatable levels by time:
     D:9: 1581 daAuts
     D:1: 1374 daAuts
     D:3: 1269 daAuts
     D:4: 1227 daAuts
     D:2: 1194 daAuts
     D:5: 1161 daAuts
     D:6: 1065 daAuts
  Bailey: 1061 daAuts
     D:7: 1050 daAuts
     D:8: 956 daAuts
    D:10: 836 daAuts
    D:11: 384 daAuts
  Temple: 91 daAuts
